 Dungeon Crawl Stone Soup version 0.31-a0-1008-g5b978dac0e (webtiles) character file.

Game seed: 16540102624702584374

742 Queen the Sneak (level 7, -1/50 HPs)
             Began as a Vampire Enchanter on Nov 13, 2023.
             Slain by a gnoll sergeant
             ... wielding the +9 dagger "Killer Klown's Doom" {pain, Will+}
              (14 damage)
             ... on level 5 of the Dungeon.
             The game lasted 00:25:51 (7003 turns).

Queen the Sneak (Vampire Enchanter)                 Turns: 7003, Time: 00:25:52

Health: -1/50      AC:  2    Str:  7    XL:     7   Next: 47%
Magic:  1/12       EV: 14    Int: 17    God:
Gold:   27         SH:  5    Dex: 17    Spells: 3/13 levels left

rFire   . . .        a - +2 dagger
rCold   . . .        (no shield)
rNeg    . . .        b - +0 robe
rPois   .            (no helmet)
rElec   .            (no cloak)
rCorr   .            (no gloves)
SInv    +            (no boots)
Will    .....        k - amulet of reflection
Stlth   ++++         (no ring)
HPRegen 0.48/turn    (no ring)
MPRegen 0.13/turn

%: reflection
@: healing quickly
A: alive, fangs 3, see invisible, vampiric 2
a: Exsanguinate


You were on level 5 of the Dungeon.
You visited 1 branch of the dungeon, and saw 5 of its levels.

You collected 171 gold pieces.
You spent 144 gold pieces at shops.

Inventory:

Hand Weapons
 a - a +2 dagger (weapon)
Missiles
 n - a throwing net
Armour
 b - a +0 robe (worn)
Jewellery
 k - an amulet of reflection (around neck)
 s - a ring of fire
Wands
 o - a wand of iceblast (8)
Scrolls
 e - 2 scrolls of teleportation
 f - a scroll of poison
 g - a scroll of vulnerability {unknown}
 i - a scroll of fog {unknown}
 l - a scroll of enchant weapon {unknown}
 m - a scroll of acquirement {unknown}
 p - 3 scrolls of identify {@r1}
 t - a scroll of immolation {unknown}
Potions
 c - a potion of invisibility
 d - 2 potions of attraction
 h - 2 potions of enlightenment
 j - a potion of lignification
 q - a potion of curing
 r - a potion of heal wounds
 u - a potion of brilliance {unknown}


   Skills:
 + Level 2.1 Fighting
 + Level 3.8 Short Blades
 + Level 4.4 Dodging
 + Level 7.1 Stealth
 + Level 3.6 Spellcasting
 + Level 6.6 Hexes


You had 3 spell levels left.
You knew the following spells:

 Your Spells              Type           Power      Damage    Failure   Level
a - Ensorcelled Hibernat  Hex/Ice        28%        N/A       6%          2
b - Tukima's Dance        Hex            25%        N/A       3%          3
c - Confusing Touch       Hex            25%        N/A       3%          3
d - Blink                 Tloc           6%         N/A       26%         2

Your spell library contained the following spells:

 Spells                   Type           Power      Damage    Failure   Level
 Dazzling Flash           Conj/Hex       28%        N/A       13%         3
 Summon Guardian Golem    Hex/Summ       14%        N/A       13%         3
 Sandblast                Erth           6%         2d5       17%         1
 Lesser Beckoning         Tloc           6%         N/A       26%         2
 Momentum Strike          Conj/Tloc      6%         3d8       26%         2
 Passwall                 Tmut/Erth      2%         N/A       26%         2
 Stone Arrow              Conj/Erth      6%         3d7       45%         3
 Brom's Barrelling Bould  Conj/Erth      3%         2d3       86%         4
 Orb of Destruction       Conj           1%         9d5       100%        7
 Spellforged Servitor     Conj/Summ      1%         N/A       100%        7
 Chain Lightning          Conj/Air       1%         3d2       100%        9
 Fire Storm               Conj/Fire      1%         8d1       100%        9
 Shatter                  Erth           1%         3d6*      100%        9


Dungeon Overview and Level Annotations

Branches:
Dungeon (5/15)
 Temple: D:4-7

Altars:

Shops:
D:2 [   D:4 ![?(   D:5 !


Innate Abilities, Weirdness & Mutations

Your natural rate of healing is accelerated.
You have razor-sharp teeth.
You have supernaturally acute eyesight. (SInv)
You are afflicted with vampirism and can become a bat while bloodless.


Message History

The gnoll sergeant resists with almost no effort.
Your +0 long sword hits the gnoll!
Okay, then.
The gnoll sergeant blocks your attack.
You bite the gnoll sergeant.
The gnoll sergeant is lightly wounded.
The gnoll sergeant hits you with the +9 dagger "Killer Klown's Doom" {pain, Will+}!
You writhe in agony.
Your +0 long sword misses the gnoll.
Okay, then.
The gnoll sergeant blocks your attack.
You bite the gnoll sergeant, but do no damage.
The gnoll sergeant is lightly wounded.
The gnoll sergeant hits you with the +9 dagger "Killer Klown's Doom" {pain, Will+}!
The gnoll hits your +0 long sword with a +0 whip.
You barely miss the gnoll sergeant.
The gnoll sergeant is lightly wounded.
Your +0 long sword hits the gnoll!
The gnoll dies!
You block the gnoll sergeant's attack.
You hit the gnoll sergeant.
You punch the gnoll sergeant, but do no damage.
Your bite misses the gnoll sergeant.
The gnoll sergeant is lightly wounded.
The gnoll hits your +0 long sword with a +0 whip.
You barely miss the gnoll sergeant.
The gnoll sergeant is lightly wounded.
The gnoll sergeant hits you with the +9 dagger "Killer Klown's Doom" {pain, Will+}!
* * * LOW HITPOINT WARNING * * *
Your +0 long sword hits the gnoll!
The gnoll hits your +0 long sword with a +0 whip.
Your +0 long sword falls from the air.
You see here an iguana corpse.
You hit the gnoll sergeant but do no damage.
You bite the gnoll sergeant, but do no damage.
The gnoll sergeant is lightly wounded.
The gnoll sergeant hits you with the +9 dagger "Killer Klown's Doom" {pain, Will+}.
* * * LOW HITPOINT WARNING * * *
You hit the gnoll sergeant but do no damage.
The gnoll sergeant is lightly wounded.
The gnoll sergeant hits you with the +9 dagger "Killer Klown's Doom" {pain, Will+}!
You die...

#........####........#
#..........##.o......#
#....................#
.#.......#####........#
......)|.#...#...o....+
.#######.#.∩.#........#
#)#...#........#
#.#.>.#..g.....#
#@#$..#........#
#g#####...######
##.=)g†..## ###....##
######


You could see a gnoll sergeant.

Vanquished Creatures
  A phantom (D:5)
  3 scorpions (D:4)
  3 wights
  Ijyb (D:4)
  Jessica (D:2)
  2 iguanas
  2 orc wizards
  2 gnolls (D:5)
  4 adders
  A white imp (D:5)
  An ufetubus (D:5)
  A worm (D:1)
  A dart slug (D:3)
  9 orcs
  6 bats
  7 endoplasms
  3 giant cockroaches
  6 goblins
  6 hobgoblins
  14 jackals
  3 quokkas
  4 ball pythons
  2 frilled lizards
  12 kobolds
  10 rats
105 creatures vanquished.

Vanquished Creatures (collateral kills)
  A gnoll (D:5)
1 creature vanquished.

Vanquished Creatures (others)
  4 dancing weapons (D:5)
  An orc (D:2)
5 creatures vanquished.

Grand Total: 111 creatures vanquished

Notes
Turn   | Place    | Note
-------+----------+-------------------------------------------
     0 | D:1      | Queen the Vampire Enchanter began the quest for the Orb.
     0 | D:1      | Reached XP level 1. HP: 13/13 MP: 3/3
   227 | D:1      | Reached XP level 2. HP: 19/19 MP: 5/5
   846 | D:1      | Learned a level 2 spell: Ensorcelled Hibernation
  1243 | D:1      | Gained mutation: You are afflicted with vampirism and can
                  | become a bat while bloodless. [Vampire growth]
  1243 | D:1      | Reached XP level 3. HP: 21/21 MP: 3/6
  2253 | D:2      | Found Xeorhain's Antique Armour Shoppe.
  2295 | D:2      | Noticed Jessica
  2341 | D:2      | Learned a level 3 spell: Tukima's Dance
  2356 | D:2      | Killed Jessica
  2357 | D:2      | Reached skill level 5 in Stealth
  2357 | D:2      | Reached skill level 5 in Hexes
  2360 | D:2      | Reached XP level 4. HP: 27/27 MP: 4/7
  2804 | D:2      | HP: 1/27 [orc/+0 flail (6)]
  3051 | D:2      | Found Xeorhain's Antique Armour Shoppe.
  3482 | D:3      | Reached XP level 5. HP: 35/35 MP: 9/9
  3954 | D:3      | Learned a level 3 spell: Confusing Touch
  5016 | D:4      | Reached skill level 6 in Stealth
  5021 | D:4      | Reached XP level 6. HP: 42/42 MP: 7/10
  5024 | D:4      | Learned a level 2 spell: Blink
  5175 | D:4      | Reached skill level 1 in Fighting
  5280 | D:4      | Noticed Ijyb
  5306 | D:4      | Killed Ijyb
  5394 | D:4      | Found Ferhor's Distillery.
  5396 | D:4      | Found Havvoixt's Magic Scroll Shop.
  5398 | D:4      | Found Osut's Weapon Shop.
  5398 | D:4      | Found Uklei's Armour Emporium.
  5403 | D:4      | Bought a scroll of identify for 28 gold pieces
  5403 | D:4      | Bought a scroll of identify for 28 gold pieces
  5412 | D:4      | Bought a potion of curing for 33 gold pieces
  5412 | D:4      | Bought a potion of heal wounds for 55 gold pieces
  5916 | D:4      | Found Ferhor's Distillery.
  5919 | D:4      | Found Havvoixt's Magic Scroll Shop.
  5921 | D:4      | Found Osut's Weapon Shop.
  5921 | D:4      | Found Uklei's Armour Emporium.
  6432 | D:5      | Entered Level 5 of the Dungeon
  6547 | D:4      | Reached XP level 7. HP: 35/49 MP: 8/12
  6724 | D:5      | Identified the +9 dagger "Killer Klown's Doom" {pain,
                  | Will+}
  6759 | D:5      | Found Gukav's Distillery.
  6830 | D:5      | Reached skill level 7 in Stealth
  7003 | D:5      | Slain by a gnoll sergeant

Illustrated notes

Levels and vault maps discovered:
D:1:      minmay_arrival_plants_in_alcoves, layout_basic, chequers_avenue,
          nicolae_wormholes
D:2:      layout_loops_ring, basic_altar, serial_shops, shop,
          ebering_dispersal_statue_hall, chequers_serial_rivers_room_b,
          uniq_jessica
D:3:      layout_basic, elyvilon_altar_4, hangedman_decor_clover_reticule,
          kennysheep_nub, kennysheep_cross_room
D:4:      layout_gridville, nicolae_wooded_promenade, dk_noncrumbling_2,
          minmay_cut_off, uniq_ijyb
D:5:      layout_basic, minmay_misc_feat_five, chequers_serial_rivers_small_3,
          nicolae_take_the_stairs

Skill      XL: |  1  2  3  4  5  6  7 |
---------------+----------------------+-----
Short Blades   | 2 3 |  3.8
Stealth        | 5 6 7 |  7.1
Hexes          | 5 6 |  6.6
Dodging        | 3 4 |  4.4
Spellcasting   | 3 |  3.6
Fighting       | 1 2 |  2.1

Action                     |  1- 3 |  4- 6 |  7- 9 || total
---------------------------+-------+-------+-------++-------
  Melee: Dagger            |    88 |   188 |    44 ||   320
         Bite              |     5 |    18 |    10 ||    33
         Punch             |     1 |     3 |     2 ||     6
   Cast: Ensorcelled Hiber |     5 |    42 |    10 ||    57
         Confusing Touch   |       |     3 |     4 ||     7
         Tukima's Dance    |       |     1 |     6 ||     7
         Blink             |       |     1 |     1 ||     2
Ability: Exsanguinate      |     1 |       |       ||     1
         Revivify          |     1 |       |       ||     1
    Use: Potion            |       |     1 |       ||     1
         Scroll            |       |     6 |       ||     6
   Stab: Sleeping          |     9 |    34 |     2 ||    45
         Invisible         |       |     1 |       ||     1
         Distracted        |       |     1 |       ||     1
         Confused          |       |     3 |     5 ||     8
 Armour: Robe              |    38 |    67 |    18 ||   123
         Skin              |       |       |     9 ||     9
  Dodge: Dodged            |    45 |   101 |    20 ||   166
  Block: Other             |       |    22 |     6 ||    28

Table legend: (Time is in decaauts)
 A = Elapsed time spent in this place.
 B = Non-inter-level travel time spent in this place.
 C = Inter-level travel time spent in this place.
 D = Time resting spent in this place.
 E = Time spent auto-exploring this place.
 F = Levels seen in this place.
 G = Mean time per level.
                   A        B        C        D        E       F      G
               +--------+--------+--------+--------+--------+-----+--------+
         Total |   6975 |   6871 |    104 |    743 |   4835 |   5 | 1395.0 |
       Dungeon |   6975 |   6871 |    104 |    743 |   4835 |   5 | 1395.0 |
               +--------+--------+--------+--------+--------+-----+--------+

Top non-repeatable levels by time:
     D:1: 2247 daAuts
     D:4: 1619 daAuts
     D:3: 1441 daAuts
     D:2: 1223 daAuts
     D:5: 443 daAuts
